 Dungeon Crawl Stone Soup version 0.28-a0-1235-g7c8fac35f0 (webtiles) character file.

Game seed: 16807675273537634012

140 ChaosChampion the Insei (level 5, -8/34 HPs)
             Began as an Octopode Transmuter on Dec 25, 2021.
             Killed by nerve-wracking pain
             ... invoked by Grinder
              (14 damage)
             ... on level 4 of the Dungeon.
             The game lasted 00:02:20 (2714 turns).

ChaosChampion the Insei (Octopode Transmuter)       Turns: 2714, Time: 00:02:21

Health: -8/34      AC:  1    Str: 10    XL:     5   Next: 22%
Magic:  8/8        EV: 13    Int: 17    God:
Gold:   152        SH:  0    Dex: 12    Spells: 3/9 levels left

rFire   . . .      SeeInvis .     - Unarmed
rCold   . . .      Faith    .   (no shield)
rNeg    . . .      Spirit   .   (helmet restricted)
rPois   .          Reflect  .   (no amulet)
rElec   .          Harm     .   a - ring of resist corrosion
rCorr   +          Rampage  .   (no ring)
Will    .....                   (no ring)
Stlth   ++........              (no ring)
HPRegen 0.11/turn               (no ring)
MPRegen 0.11/turn               (no ring)
                                (no ring)
                                (no ring)

@: lethally poisoned (-8 -> -11)
A: almost no armour, amphibious, 8 rings, camouflage 1, gelatinous body 1,
(nimble swimmer 1), tentacles
a: no special abilities


You were on level 4 of the Dungeon.
You visited 1 branch of the dungeon, and saw 4 of its levels.

You collected 152 gold pieces.

Inventory:

Missiles
 c - 7 poisoned darts (quivered)
 e - 6 boomerangs
Jewellery
 a - a ring of resist corrosion (left tentacle)
Wands
 f - a wand of polymorph (10)
Scrolls
 b - a scroll of enchant armour {unknown}
 h - 2 scrolls of identify {unknown}
 i - a scroll of holy word {unknown}
Potions
 d - 2 potions of degeneration {unknown}
 g - a potion of lignification {unknown}
 j - 2 potions of berserk rage {unknown}
 k - a potion of haste {unknown}
 l - a potion of invisibility {unknown}


   Skills:
 + Level 2.1 Fighting
 + Level 2.8 Dodging
 * Level 3.8 Unarmed Combat
 + Level 2.6 Spellcasting
 + Level 2.8 Transmutations
 + Level 1.1 Poison Magic


You had 3 spell levels left.
You knew the following spells:

 Your Spells              Type           Power      Damage    Failure   Level
a - Beastly Appendage     Tmut           22%        N/A       6%          1
b - Wereblood             Tmut           11%        N/A       9%          2
c - Spider Form           Tmut/Pois      9%         N/A       24%         3

Your spell library contained the following spells:

 Spells                   Type           Power      Damage    Failure   Level
 Sublimation of Blood     Necr           2%         N/A       28%         2
 Ice Form                 Ice/Tmut       7%         N/A       71%         4
 Summon Hydra             Summ           1%         N/A       100%        7


Dungeon Overview and Level Annotations

Branches:
Dungeon (4/15)
 Temple: D:4-7

Altars:

Annotations:
D:4 Grinder


Innate Abilities, Weirdness & Mutations

You cannot wear most types of armour.
You are amphibious.
You can wear up to eight rings at the same time.
Your skin changes colour to match your surroundings (Stealth+).
Your rubbery body absorbs attacks. (AC +1, EV +1)
((You are camouflaged when in or above water. (Stealth+)))
You have tentacles for arms and can constrict up to eight enemies at once.


Message History

Done exploring.
Done exploring.
Done exploring.
(D) Dungeon
Where to? (Enter - D:3, ? - help)
What level of the Dungeon? (default 1, ? - help)
There is a stone staircase leading down here.
You climb downwards.
Found an escape hatch in the floor.
There is a stone staircase leading up here.
h - 2 scrolls labelled LAWUBE LUBIGRI (gained 1)
A kobold comes into view.
It is wielding a +0 dagger and quivering poisoned darts.
A kobold is nearby!
A kobold is nearby!
A kobold and Grinder come into view.
Grinder shouts!
The kobold shouts! x2; You hear a shout!
The kobold unwields a +0 dagger.
The kobold wields a +0 hand crossbow.
The kobold shoots a bolt.
The bolt closely misses you.
A goblin and a skeleton come into view.
The goblin is wielding a +0 dagger of draining.
Grinder hits you.
You writhe in agony.
The bullfrog skeleton moves out of view.
The kobold shoots a bolt.
The bolt barely misses you.
The kobold throws a poisoned dart.
The poisoned dart closely misses you. Grinder gestures at you.
Pain shoots through your body!
The kobold throws a poisoned dart.
The poisoned dart hits you!
You are poisoned.
You feel very sick. Grinder gestures at you.
You suddenly lose the ability to move!
The kobold throws a poisoned dart.
The poisoned dart completely misses you.
You feel sick.
You can move again.
You feel sick.
You feel sick.
The kobold shoots a bolt.
The bolt hits you.
* * * LOW HITPOINT WARNING * * *
Grinder gestures at you. Pain shoots through your body!
You die...

.##. #.... .. #.......
....... ##. #.......
......# .# #.. #Z....##
#......# ...##.#
#...>..####......#
#.....###......##........##
......#.............##...#
#..#..$..................#
#.......Kg5..@..#.<....##
#....##.........##...###
.......K.........#....#
.#.....##...###.####..##
....... #...# #..##....#
...### ##..###..###..## ..
##......# #### #.#...##
####...#


You could see Grinder, a goblin, 2 kobolds and a bullfrog skeleton (wandering).

Vanquished Creatures
  An ogre (D:3)
  An adder (D:3)
  An adder zombie (D:3)
  A worm (D:2)
  2 dart slugs
  4 endoplasms
  4 giant cockroaches
  3 goblins
  4 hobgoblins
  A quokka (D:2)
  3 ball pythons
  2 bats
  3 frilled lizards
  2 kobolds (D:1)
  4 rats
36 creatures vanquished.

Notes
Turn   | Place    | Note
-------+----------+-------------------------------------------
     0 | D:1      | ChaosChampion the Octopode Transmuter began the quest for
                  | the Orb.
     0 | D:1      | Reached XP level 1. HP: 13/13 MP: 3/3
   575 | D:1      | Reached XP level 2. HP: 15/18 MP: 5/5
   744 | D:1      | Learned a level 2 spell: Wereblood
  1261 | D:2      | Reached XP level 3. HP: 19/23 MP: 4/6
  1372 | D:2      | Found a faded altar of an unknown god.
  2050 | D:3      | Learned a level 3 spell: Spider Form
  2290 | D:3      | Noticed an ogre
  2297 | D:3      | Killed an ogre
  2298 | D:3      | Reached skill level 1 in Poison Magic
  2298 | D:3      | Reached XP level 4. HP: 29/29 MP: 3/7
  2298 | D:3      | Reached XP level 5. HP: 34/34 MP: 3/8
  2705 | D:4      | Noticed Grinder
  2711 | D:4      | Paralysed by Grinder for 2 turns
  2714 | D:4      | Killed from afar by Grinder

Illustrated notes

Levels and vault maps discovered:
D:1:      minmay_arrival_solitary_statue, layout_basic
D:2:      layout_basic, dreamdust_ecumenical_altar_angels_and_demons,
          dk_noncrumbling_3
D:3:      layout_loops_cross
D:4:      old_forge, layout_cave_pools, minmay_temple_entry_nine_rooms,
          minmay_surrounded, uniq_grinder, uniq_ijyb

Skill      XL: |  1  2  3 |
---------------+----------+-----
Fighting       | 2 |  2.1
Poison Magic   | 1 |  1.1
Dodging        | |  2.8
Unarmed Combat | |  3.8
Spellcasting   | |  2.6
Transmutations | |  2.8

Action                   |  1- 3 |  4- 6 || total
-------------------------+-------+-------++-------
Melee: Unarmed           |    73 |     5 ||    78
       Constrict         |    19 |     1 ||    20
       Kick              |     5 |       ||     5
       Tentacles         |    10 |       ||    10
       Punch             |     1 |       ||     1
 Cast: Beastly Appendage |     3 |       ||     3
       Wereblood         |     1 |       ||     1
       Spider Form       |     2 |       ||     2
 Stab: Sleeping          |     8 |     1 ||     9
Armor: Skin              |     4 |       ||     4
Dodge: Dodged            |    37 |     7 ||    44

Table legend: (Time is in decaauts)
 A = Elapsed time spent in this place.
 B = Non-inter-level travel time spent in this place.
 C = Inter-level travel time spent in this place.
 D = Time resting spent in this place.
 E = Time spent auto-exploring this place.
 F = Levels seen in this place.
 G = Mean time per level.
                   A        B        C        D        E       F      G
               +--------+--------+--------+--------+--------+-----+--------+
         Total |   2708 |   2622 |     86 |      0 |   2301 |   4 |  677.0 |
       Dungeon |   2708 |   2622 |     86 |      0 |   2301 |   4 |  677.0 |
               +--------+--------+--------+--------+--------+-----+--------+

Top non-repeatable levels by time:
     D:2: 1005 daAuts
     D:1: 1004 daAuts
     D:3: 661 daAuts
     D:4: 37 daAuts
